 Dungeon Crawl Stone Soup version 0.30-a0-743-gbfdf073431 (webtiles) character file.

Game seed: 14721063677435468156

52721 Zirion the Severer (level 14, -8/202 HPs)
             Began as a Minotaur Berserker on Feb 5, 2023.
             Was the Champion of Trog.
             Mangled by a catoblepas (12 damage)
             ... on level 3 of the Lair of Beasts.
             The game lasted 00:49:16 (16388 turns).

Zirion the Severer (Minotaur Berserker)            Turns: 16388, Time: 00:49:17

Health: -8/202     AC: 33    Str: 28    XL:     14   Next: 28%
Magic:  13/13      EV: 13    Int:  9    God:    Trog [******]
Gold:   968        SH:  5    Dex: 13    Spells: 13/13 levels left

rFire   + + .      SeeInvis +    I - +7 broad axe of Owoigotho {protect, rF+ rN+ Dex+3}
rCold   x . .      Faith    .    (no shield)
rNeg    + + +      Spirit   .    E - +0 plate armour
rPois   +          Reflect  +    u - +4 hat of the Neverending Ships {rF+ rC- rN+}
rElec   .          Harm     .    D - +2 cloak of the Thief {*Fog Slay-2 SInv Stlth+}
rCorr   .          Rampage  .    o - +0 pair of gloves
Will    +....                    (no boots) Stlth
                                 q - amulet of reflection
HPRegen 0.53/turn                N - ring "Soguiqid" {Contam rPois rN+ Str+3 Int+3}
MPRegen 0.13/turn                F - ring of see invisible

@: berserking (expiring), under a protective aura, studying Axes, very quick
A: horns 2, retaliatory headbutt, claws 1, talons 1
a: Renounce Religion, Berserk, Trog's Hand, Brothers in Arms


You were on level 3 of the Lair of Beasts.
You worshipped Trog.
Trog was exalted by your worship.
You visited 3 branches of the dungeon, and saw 17 of its levels.
You also visited: Sewer and Bailey.

You collected 1098 gold pieces.
You spent 130 gold pieces at shops.

Inventory:

Hand Weapons
 a - a +3 vampiric hand axe
 c - a +4 antimagic executioner's axe
 r - a +0 war axe of freezing
 I - the +7 broad axe of Owoigotho (weapon) {protect, rF+ rN+ Dex+3}
   (You acquired it on level 11 of the Dungeon)

   Dex:       It affects your dexterity (+3).
   rF:        It protects you from fire.
   rN:        It protects you from negative energy.
 R - a +0 trident of flaming
Missiles
 L - 2 throwing nets
 O - 3 silver boomerangs
Armour
 o - a +0 pair of gloves (worn)
 u - the +4 hat of the Neverending Ships (worn) {rF+ rC- rN+}
   (You acquired it on level 10 of the Dungeon)

   rF:        It protects you from fire.
   rC:        It makes you vulnerable to cold.
   rN:        It protects you from negative energy.
 y - the +5 robe of Night {Dark Will+ SInv}
   (You found it in a bailey)

   Dark:      It shrouds the wearer in darkness, reducing the range at which
   they can see and be seen by others.
   SInv:      It lets you see invisible.
   Will:      It increases your willpower.
 D - the +2 cloak of the Thief (worn) {*Fog Slay-2 SInv Stlth+}
   (You found it on level 7 of the Dungeon)

   *Fog:      It may release a thick cloud of smoke when the wearer is hurt.
   Slay:      It affects your accuracy & damage with ranged weapons and melee
   (-2).
   SInv:      It lets you see invisible.
   Stlth:     It makes you more stealthy.
 E - a +0 plate armour (worn)
Jewellery
 h - an amulet of regeneration
 q - an amulet of reflection (around neck)
 B - a ring of resist corrosion
 F - a ring of see invisible (right hand)
 J - a +6 ring of intelligence
 N - the ring "Soguiqid" (left hand) {Contam rPois rN+ Str+3 Int+3}
   (You found it on level 11 of the Dungeon)

   [ring of poison resistance]

   Str:       It affects your strength (+3).
   Int:       It affects your intelligence (+3).
   rPois:     It protects you from poison.
   rN:        It protects you from negative energy.
   Contam:    It causes magical contamination when unequipped.
Wands
 s - a wand of roots (4)
 x - a wand of paralysis (20)
 H - a wand of mindburst (11)
 M - a wand of flame (11)
Scrolls
 b - a scroll of magic mapping
 d - 4 scrolls of teleportation {unknown}
 f - 4 scrolls of fear {unknown}
 g - 4 scrolls of enchant armour {unknown}
 m - 5 scrolls of noise {unknown}
 n - 3 scrolls of poison {unknown}
 v - a scroll of fog {unknown}
 C - 4 scrolls of blinking {unknown}
 Q - 3 scrolls of enchant weapon {unknown}
 S - a scroll of silence {unknown}
 V - 3 scrolls of identify
Potions
 e - 4 potions of resistance
 i - 8 potions of curing
 j - 6 potions of brilliance
 k - 7 potions of heal wounds
 l - 5 potions of flight
 p - 2 potions of attraction
 t - 5 potions of haste
 w - a potion of might
 z - 5 potions of degeneration
 A - 2 potions of lignification
 G - 2 potions of invisibility
 K - 2 potions of berserk rage
 P - a potion of magic
 T - a potion of cancellation {unknown}
 U - a potion of ambrosia {unknown}


   Skills:
 + Level 15.1 Fighting
 + Level 17.0 Axes
 + Level 14.8 Armour
 + Level 13.7 Dodging


You had 13 spell levels left.
You didn't know any spells.
Your spell library was empty.

Dungeon Overview and Level Annotations

Branches:
Dungeon (12/15)            Temple (0/1) D:7            Lair (4/5) D:9
  Swamp (0/4) Lair:2        Snake (1/4) Lair:2        Slime (0/5) Lair:4
    Orc (0/2) D:10          Sewer (visited)          Bailey (visited)

Altars:
Ashenzari
Cheibriados
Elyvilon
Fedhas
Kikubaaqudgha
Makhleb
Okawaru
Qazlal
Ru
Sif Muna
Trog
Xom
Zin

Shops:
D:3 (   D:10 ([!(   D:11 :


Innate Abilities, Weirdness & Mutations

You have a pair of horns on your head.
You reflexively headbutt those who attack you in melee.
You have sharp fingernails.
You have sharp toenails.


Message History

* * * LOW HITPOINT WARNING * * *
The eight-headed hydra bites you.
* * * LOW HITPOINT WARNING * * *
The eight-headed hydra bites you but does no damage.
The eight-headed hydra bites you.
* * * LOW HITPOINT WARNING * * *
The eight-headed hydra bites you.
* * * LOW HITPOINT WARNING * * *
The eight-headed hydra bites you.
You are engulfed in calcifying dust.
The catoblepas gores you!
* * * LOW HITPOINT WARNING * * *
The eight-headed hydra bites you!
* * * LOW HITPOINT WARNING * * *
The eight-headed hydra bites you.
* * * LOW HITPOINT WARNING * * *
The eight-headed hydra bites you but does no damage. x3
The eight-headed hydra bites you.
* * * LOW HITPOINT WARNING * * *
The eight-headed hydra bites you!
* * * LOW HITPOINT WARNING * * *
The eight-headed hydra bites you but does no damage.
You turn to flesh and can move again.
Unknown command.
You are too berserk!
You are too berserk!
You slash the catoblepas!
Your weapon exudes an aura of protection.
You claw the catoblepas!
The catoblepas is lightly wounded.
You slice one of the eight-headed hydra's heads off!
The seven-headed hydra grows two more!
You slice the nine-headed hydra!! You slice the plant!!
The plant begins to die.
You slice the catoblepas!!
You claw the catoblepas, but do no damage.
You headbutt the catoblepas!!
The catoblepas is severely wounded.
You lop one of the nine-headed hydra's heads off!
The eight-headed hydra grows two more!
You hit the ten-headed hydra. You hit the plant. The catoblepas gores you!
You die...

#..............................
#..............................
#...#.....#.#..................
#..)#....###...................
##..##PP...###..................
##...###....#.#..................
.....##.#..#.#...................
...........>.....................
..........§.§...@Y...............
.....######..##DP##.#...####..#.#
......# #...#########..## #...##
.(...#####.....##### #...###...##
.....###.##..##.#.P###..##.#..###
.................................
##.....<.........................
#...#.#.#..#.#.P...........##.#.
#...#####..####..........######.


You could see a catoblepas and a ten-headed hydra.

Vanquished Creatures
  Snorg (D:10)
  Josephine (D:10)
  A yaktaur captain (D:11)
  3 hydras
  A centaur warrior (D:10)
  2 boulder beetles (D:11)
  3 two-headed ogres
  An orc sorcerer (Bailey)
  A deep elf pyromancer (D:11)
  A deep elf zephyrmancer (D:11)
  A manticore (D:11)
  10 elephants
  A gargoyle (D:7)
  2 black mambas
  A kobold demonologist (Bailey)
  6 cane toads
  A torpor snail (Lair:2)
  2 rime drakes
  An unseen horror (D:11)
  8 komodo dragons
  A polar bear (Lair:3)
  5 trolls
  Prince Ribbit (D:9)
  Grinder (D:3)
  7 blink frogs (Lair:4)
  A hornet (D:9)
  4 wyverns
  A vampire (D:12)
  A basilisk (Lair:2)
  8 yaks
  5 wraiths (D:10)
  4 steam dragons
  3 vampire mosquitoes (D:10)
  A swamp worm (Lair:2)
  16 water moccasins
  14 orc warriors
  2 sky beasts (D:7)
  A black bear (D:7)
  4 centaurs
  4 ogres
  3 phantoms
  6 kobold brigands
  10 bullfrogs
  A gnoll sergeant (D:3)
  Blork the orc (D:4)
  A scorpion (D:5)
  A water moccasin zombie (D:5)
  10 necrophages
  15 wights
  11 killer bees
  7 electric eels (Bailey)
  4 howler monkeys
  A centaur zombie (D:5)
  3 crimson imps (D:3)
  9 hounds
  2 bullfrog zombies (D:5)
  5 jellies
  2 gnoll boudas
  6 orc priests
  A human zombie (D:5)
  3 iguanas
  9 orc wizards
  5 hell rats (Lair:3)
  A mummy (D:5)
  9 gnolls
  14 adders
  7 river rats
  A shadow imp (D:6)
  A white imp (D:6)
  An ufetubus (D:4)
  4 worms
  A dart slug (D:4)
  58 orcs
  15 ball pythons
  5 bats
  6 endoplasms
  4 giant cockroaches
  15 goblins
  15 hobgoblins
  4 jackals (D:3)
  6 quokkas
  3 frilled lizards
  43 kobolds
  15 rats
  A butterfly (D:7)
477 creatures vanquished.

Vanquished Creatures (others)
  A wizard (D:5)
  16 fungi
  13 plants
30 creatures vanquished.

Grand Total: 507 creatures vanquished

Notes
Turn   | Place    | Note
-------+----------+-------------------------------------------
     0 | D:1      | Zirion the Minotaur Berserker began the quest for the Orb.
     0 | D:1      | Reached XP level 1. HP: 19/19 MP: 0/0
    47 | D:1      | Found a faded altar of an unknown god.
   179 | D:1      | Reached XP level 2. HP: 19/27 MP: 1/1
   571 | D:2      | Reached skill level 4 in Axes
   775 | D:2      | Reached XP level 3. HP: 33/33 MP: 2/2
   934 | D:2      | Identified the +1 dagger of Descent {vamp, Dex+5}
  1037 | D:2      | Reached ** piety under Trog
  1211 | D:2      | Reached XP level 4. HP: 32/41 MP: 3/3
  1639 | D:3      | Found Boompef's Weapon Shoppe.
  1821 | D:3      | Noticed a gnoll sergeant
  1832 | D:3      | Killed a gnoll sergeant
  1833 | D:3      | Reached XP level 5. HP: 47/47 MP: 4/4
  1835 | D:3      | Reached skill level 5 in Fighting
  1909 | D:3      | Noticed a phantom
  1915 | D:3      | Reached skill level 5 in Axes
  1921 | D:3      | Killed a phantom
  1922 | D:3      | Reached XP level 6. HP: 56/56 MP: 5/5
  1956 | D:3      | Found a shimmering altar of Xom.
  2066 | D:3      | Noticed Grinder
  2074 | D:3      | Paralysed by Grinder for 2 turns
  2082 | D:3      | Killed Grinder
  2083 | D:3      | Reached skill level 5 in Armour
  2083 | D:3      | Reached XP level 7. HP: 56/62 MP: 6/6
  2325 | D:3      | Found an iron altar of Okawaru.
  2623 | D:4      | Reached skill level 6 in Axes
  2625 | D:4      | Reached skill level 5 in Dodging
  2639 | D:4      | Reached *** piety under Trog
  2659 | D:4      | Noticed Blork the orc
  2667 | D:4      | Killed Blork the orc
  2775 | D:4      | Found a glowing drain.
  2796 | Sewer    | Entered a sewer
  3063 | Sewer    | Reached XP level 8. HP: 55/71 MP: 7/7
  3099 | Sewer    | Reached **** piety under Trog
  3296 | D:4      | Found a blossoming altar of Fedhas.
  3675 | D:5      | Entered Level 5 of the Dungeon
  3935 | D:5      | Reached skill level 7 in Axes
  4237 | D:5      | Found a bloodstained altar of Trog.
  4238 | D:5      | Noticed a wizard
  4243 | D:5      | Killed a wizard
  4411 | D:5      | Reached XP level 9. HP: 60/81 MP: 8/8
  4497 | D:5      | Found an ancient bone altar of Kikubaaqudgha.
  4503 | D:5      | Reached skill level 8 in Axes
  4791 | D:6      | Reached ***** piety under Trog
  5608 | D:7      | Found the +2 cloak of the Thief {*Fog Slay-2 SInv Stlth+}
  5897 | D:7      | Found a staircase to the Ecumenical Temple.
  6016 | D:7      | Noticed a gargoyle
  6030 | D:7      | Killed a gargoyle
  6031 | D:7      | Reached skill level 9 in Axes
  6291 | D:7      | Reached XP level 10. HP: 91/91 MP: 9/9
  6676 | D:8      | Reached skill level 10 in Fighting
  6703 | D:8      | Reached skill level 10 in Axes
  6834 | D:8      | Found a flagged portal.
  6841 | Bailey   | Entered a bailey
  7287 | Bailey   | Noticed an orc sorcerer
  7305 | Bailey   | Killed an orc sorcerer
  7306 | Bailey   | Reached skill level 10 in Armour
  7440 | Bailey   | Found the +5 robe of Night {Dark Will+ SInv}
  7961 | Bailey   | Found an iron altar of Okawaru.
  7973 | Bailey   | Noticed a smoke demon
  8335 | Bailey   | Reached skill level 11 in Axes
  8335 | Bailey   | Reached skill level 10 in Dodging
  8335 | Bailey   | Reached XP level 11. HP: 104/104 MP: 10/10
  8336 | Bailey   | Reached skill level 12 in Axes
  8336 | Bailey   | Reached XP level 12. HP: 113/113 MP: 11/11
  8337 | Bailey   | Acquired a manual of Axes
  8733 | D:9      | Received a gift from Trog
  8745 | D:9      | Noticed Prince Ribbit
  8761 | D:9      | Killed Prince Ribbit
  9012 | D:9      | Found a staircase to the Lair.
  9014 | D:9      | Gained mutation: Your spells are a little easier to cast,
                  | but a little less powerful. [potion of mutation]
  9015 | D:9      | Lost mutation: Your spells are a little easier to cast, but
                  | a little less powerful. [potion of mutation]
  9015 | D:9      | Gained mutation: You occasionally lose the ability to drink
                  | potions when taking damage. [potion of mutation]
  9015 | D:9      | Gained mutation: Your magical capacity is low. (-10% MP)
                  | [potion of mutation]
  9015 | D:9      | Gained mutation: You are robust. (+10% HP) [potion of
                  | mutation]
  9016 | D:9      | Lost mutation: Your magical capacity is low. (-10% MP)
                  | [potion of mutation]
  9016 | D:9      | Lost mutation: You are robust. (+10% HP) [potion of
                  | mutation]
  9016 | D:9      | Lost mutation: You occasionally lose the ability to drink
                  | potions when taking damage. [potion of mutation]
  9016 | D:9      | Gained mutation: You have supernaturally acute eyesight.
                  | (SInv) [potion of mutation]
  9016 | D:9      | Gained mutation: A frigid envelope surrounds you and
                  | freezes all who hurt you. [potion of mutation]
  9033 | D:9      | Reached XP level 13. HP: 117/117 MP: 4/12
  9037 | D:9      | Lost mutation: You have supernaturally acute eyesight.
                  | (SInv) [potion of mutation]
  9037 | D:9      | Lost mutation: A frigid envelope surrounds you and freezes
                  | all who hurt you. [potion of mutation]
  9037 | D:9      | Gained mutation: You are weak. (Str -2) [potion of
                  | mutation]
  9037 | D:9      | Gained mutation: You are clumsy. (Dex -2) [potion of
                  | mutation]
  9038 | D:9      | Lost mutation: You are clumsy. (Dex -2) [potion of
                  | mutation]
  9038 | D:9      | Lost mutation: You are weak. (Str -2) [potion of mutation]
  9038 | D:9      | Gained mutation: You have sharp fingernails. [potion of
                  | mutation]
  9038 | D:9      | Gained mutation: You have sharp toenails. [potion of
                  | mutation]
  9060 | D:9      | Reached skill level 13 in Axes
  9174 | D:9      | Found a faded altar of an unknown god.
  9174 | D:9      | Found a burning altar of Makhleb.
  9281 | D:9      | Found a white marble altar of Elyvilon.
  9283 | D:9      | Found a snail-covered altar of Cheibriados.
  9285 | D:9      | Found a faded altar of an unknown god.
  9317 | D:9      | Found a broken altar of Ashenzari.
  9588 | D:9      | Found a glowing silver altar of Zin.
  9756 | D:9      | Found a sacrificial altar of Ru.
  9986 | D:10     | Entered Level 10 of the Dungeon
 10321 | D:10     | Found a staircase to the Orcish Mines.
 10493 | D:10     | Noticed Snorg
 10505 | D:10     | Killed Snorg
 10729 | D:10     | Noticed Josephine
 10744 | D:10     | Killed Josephine
 10749 | D:10     | Received a gift from Trog
 10834 | D:10     | Found Okhont's Distillery.
 10842 | D:10     | Bought a potion of might for 40 gold pieces
 10842 | D:10     | Bought a potion of lignification for 30 gold pieces
 10842 | D:10     | Bought a potion of flight for 30 gold pieces
 10842 | D:10     | Bought a potion of attraction for 30 gold pieces
 10842 | D:10     | Acquired the +4 hat of the Neverending Ships {rF+ rC- rN+}
 10848 | D:10     | Found Wochaa Duer's Armour Shop.
 10860 | D:10     | Reached skill level 14 in Axes
 11158 | D:10     | Found Reovvel's Antique Weapon Shoppe.
 11281 | D:10     | Found a stormy altar of Qazlal.
 11436 | D:10     | Found Zoexud's Weapon Shoppe.
 11479 | D:10     | Found a shimmering blue altar of Sif Muna.
 11561 | D:11     | Acquired the +7 broad axe of Owoigotho {protect, rF+ rN+
                  | Dex+3}
 11797 | D:11     | Found Racsetaa's Book Shop.
 11931 | D:11     | Found a transporter.
 12032 | D:11     | Found a transporter.
 12067 | D:11     | Found a sacrificial altar of Ru.
 12234 | D:11     | Reached skill level 15 in Axes
 12239 | D:11     | Identified the ring "Soguiqid" {Contam rPois rN+ Str+3
                  | Int+3}
 12390 | Lair:1   | Entered Level 1 of the Lair of Beasts
 12451 | Lair:1   | Identified the +6 dagger of Fragile Peace {holy, SInv}
 14047 | Lair:2   | Found a staircase to the Snake Pit.
 14237 | Lair:2   | Found a staircase to the Swamp.
 14479 | Snake:1  | Entered Level 1 of the Snake Pit
 14563 | Lair:3   | Reached skill level 16 in Axes
 14583 | Lair:3   | Received a gift from Trog
 14624 | Lair:3   | Reached XP level 14. HP: 133/133 MP: 13/13
 14660 | Lair:3   | Reached ****** piety under Trog
 15988 | Lair:4   | Found a staircase to the Slime Pits.
 16016 | Lair:4   | Reached skill level 15 in Fighting
 16201 | Lair:4   | Reached skill level 17 in Axes
 16386 | Lair:3   | HP: 10/202 [eight-headed hydra (2)]
 16386 | Lair:3   | HP: 4/202 [eight-headed hydra (6)]
 16388 | Lair:3   | Mangled by a catoblepas

Illustrated notes

Levels and vault maps discovered:
D:1:      dreamdust_arrival_beginning_and_end, layout_rooms,
          hellmonk_ecumenical_altar_blasted, serial_bayou_lake_a
D:2:      layout_basic, minmay_indecisive_spiral
D:3:      layout_basic, led_xom_imps, nicolae_overflow_crystal_walls,
          serial_shops, nicolae_shop_bloodbath_and_beyond, uniq_grinder
D:4:      layout_gridville, fedhas_altar_3, portal_sewer_entry_b,
          serial_bayou_lagoon_a, uniq_blork_the_orc
D:5:      layout_loops_ring, trog_wizard, lemuel_mausoleum_altar_kikubaaqudgha
D:6:      layout_rooms
D:7:      minmay_bubble_buster, layout_basic, minmay_temple_entry_butterflies,
          kennysheep_generic_room_2
D:8:      layout_basic, enter_bailey_3, dreamdust_gnoll_shepherd
D:9:      kennysheep_steamy, layout_irregular_city,
          nicolae_overflow_hidden_temple, zin_treasury,
          chequers_temple_overflow_minitemple, mainiacjoe_overflow_alcove_4,
          uniq_prince_ribbit1
D:10:     minmay_angry_zag, layout_cave_pools, lemuel_blue_sif_altar,
          mainiacjoe_overflow_alcove_2, hiddenorc2_lemuel, serial_shops, shop,
          shop, nicolae_shop_advertising_works [nicolae_subvault_shop_adworks],
          nicolae_shop_waterfront, uniq_snorg, uniq_josephine
D:11:     gammafunk_sealed_arena, layout_cave_pools, serial_shops,
          nicolae_shop_hallway_plus, nicolae_ru_path_of_blood
D:12:     hourglass_vault, layout_basic
Lair:1:   layout_hall_layers
Lair:2:   layout_cave_pods, palyth_hydra_swamp_entry, dummy_snake_entry
Lair:3:   layout_small_grid
Lair:4:   layout_cave_pods, nicolae_slime_entry_field_trip
Snake:1:  layout_onion, nicolae_shop_dragon_depot

Skill      XL: |  1  2  3  4  5  6  7  8  9 10 11 12 13 14 |
---------------+-------------------------------------------+-----
Fighting       | 4 5 6 8 9 11 12 14 15 | 15.1
Axes           | 4 5 6 7 9 11 12 16 17 | 17.0
Armour         | 3 4 5 6 7 8 11 12 14 | 14.8
Dodging        | 3 4 5 6 8 10 11 13 | 13.7

Action                     |  1- 3 |  4- 6 |  7- 9 | 10-12 | 13-15 || total
---------------------------+-------+-------+-------+-------+-------++-------
  Melee: Hand axe          |    54 |    73 |    57 |       |       ||   184
         Headbutt          |     8 |    10 |    59 |    35 |    90 ||   202
         Punch             |     1 |       |     6 |     2 |     7 ||    16
         War axe           |       |       |   309 |   232 |       ||   541
         Executioner's axe |       |       |       |    28 |   158 ||   186
         Broad axe         |       |       |       |       |   288 ||   288
         Kick              |       |       |       |       |   150 ||   150
 Invoke: Berserk           |       |     4 |     3 |     3 |     6 ||    16
    Use: Scroll            |       |       |     5 |     2 |     7 ||    14
         Potion            |       |       |       |     5 |     4 ||     9
 Armour: Animal skin       |     4 |       |       |       |       ||     4
         Ring mail         |    14 |    35 |   112 |    13 |       ||   174
         Plate armour      |       |       |       |   109 |   458 ||   567
  Dodge: Dodged            |    30 |    40 |   189 |    85 |   282 ||   626
  Block: Other             |       |       |    66 |    48 |   122 ||   236
         Reflection        |       |       |     5 |     1 |     1 ||     7

Table legend: (Time is in decaauts)
 A = Elapsed time spent in this place.
 B = Non-inter-level travel time spent in this place.
 C = Inter-level travel time spent in this place.
 D = Time resting spent in this place.
 E = Time spent auto-exploring this place.
 F = Levels seen in this place.
 G = Mean time per level.
                   A        B        C        D        E       F      G
               +--------+--------+--------+--------+--------+-----+--------+
         Total |  16703 |  15617 |   1086 |   2614 |   9250 |  19 |  879.1 |
       Dungeon |  10971 |  10099 |    872 |   1754 |   6085 |  12 |  914.2 |
          Lair |   3656 |   3443 |    213 |    156 |   2742 |   4 |  914.0 |
     Snake Pit |      1 |      1 |      0 |      0 |      0 |   1 |    1.0 |
         Sewer |    491 |    491 |      0 |     43 |      0 |   1 |  491.0 |
        Bailey |   1582 |   1582 |      0 |    659 |    423 |   1 | 1582.0 |
               +--------+--------+--------+--------+--------+-----+--------+

Top non-repeatable levels by time:
     D:9: 1693 daAuts
  Bailey: 1582 daAuts
  Lair:2: 1313 daAuts
    D:10: 1307 daAuts
     D:3: 1180 daAuts
     D:7: 1083 daAuts
     D:5: 1075 daAuts
  Lair:3: 1045 daAuts
     D:2: 866 daAuts
     D:4: 858 daAuts
     D:6: 807 daAuts
    D:11: 783 daAuts
  Lair:4: 771 daAuts
     D:8: 713 daAuts
     D:1: 569 daAuts
